AoeStats
← TRX

Arabia

510000923Analyzed
1v1 RM · 2d ago on Sep 29, 2026· 34m 44s· 2 players
Game mode
Random Map
Map size
Tiny (2 player)
Population
200
Speed
Normal
Resources
Standard
Victory
Conquest
Starting age
Dark Age
Ending age
Imperial Age
RankedLock teamsTeams togetherTeam positionsShared explorationLock speedFull tech treeHidden civsTurbo modeCheats
Victory
Defeat
🇺🇸 Saxons · United States
1293
+15
🇦🇷 Magyars · Argentina
1274
-15
Livay.
7:07 Loom
9:48 Feudal Age
10:15 Double-Bit Axe
10:11 Horse Collar
19:46 Castle Age
18:13 Fletching
19:53 Scale Barding Armor
20:00 Bloodlines
21:19 Chain Barding Armor
26:09 Bow Saw
28:58 Husbandry
30:33 Wheelbarrow
30:22 Heavy Plow
34:56 Hand Cart
TRX
6:21 Loom
8:46 Feudal Age
9:46 Double-Bit Axe
15:10 Fletching
16:32 Padded Archer Armor
22:55 Castle Age
21:30 Gold Mining
21:22 Horse Collar
23:11 Crossbowman
23:52 Bodkin Arrow
25:09 Leather Archer Armor
26:15 Ballistics
32:56 Imperial Age
32:05 Wheelbarrow
31:52 Thumb Ring
32:22 Bow Saw
33:48 Bracer
33:42 Arbalester
Connection lost

Rejoining the realm…

Still unreachable

The connection could not be restored.

Session expired

The server has moved on; the page needs a fresh start.